Map: Sacrifice tropical

Players

ShoWTimE

  • Race: Protoss Protoss
  • League: Master
  • Spawn Location: 7:00

MaxPax - Winner!

  • Race: Protoss Protoss
  • League: Grandmaster
  • Spawn Location: 1:00

VOD

Have the link to the VOD?

Description

Time

  • Played on: Oct. 21, 2022, 1:31 p.m.
  • Length: 4:19
Show
View Real Time Build Order
Export as new Build Order

ShoWTimE Protoss 

Build Orders: Oracle Opening 

Get SALT Encoding   

  12  0:00  Probe  
  13  0:12  Probe  
  14  0:19  Pylon  
  14  0:24  Probe  
  15  0:37  Probe (Chrono Boost)  
  15  0:38  Gateway  
  16  0:46  Probe (Chrono Boost)  
  16  0:48  Assimilator  
  17  0:51  Probe (Chrono Boost)  
  18  1:03  Probe  
  19  1:05  Assimilator  
  19  1:10  Pylon  
  19  1:15  Probe (Chrono Boost)  
  21  1:27  Probe (Chrono Boost), Cybernetics Core  
  21  1:32  Probe (Chrono Boost)  
  21  1:33  Zealot  
  24  1:42  Probe  
  25  1:54  Probe  
  26  2:04  Stargate  
  26  2:06  Probe  
  27  2:21  Nexus  
  27  2:25  Probe  
  28  2:31  Pylon  
  28  2:43  Adept  
  31  2:46  Oracle (Chrono Boost)  
  32  2:52  Probe  
  33  3:04  Probe  
  32  3:11  Gateway  
  32  3:16  Probe  
  32  3:26  Stalker  
  33  3:28  Probe  
  33  3:33  Probe  
  35  3:40  Probe  
  36  3:45  Probe  
  36  3:47  Shield Battery  
  37  3:53  Probe (Chrono Boost)  
  38  3:57  Probe (Chrono Boost)  
  35  4:05  Probe (Chrono Boost)  
  35  4:09  Probe (Chrono Boost)  
Show
View Real Time Build Order
Export as new Build Order

MaxPax Protoss - Winner!

Build Orders: 1 Gate Expand, Oracle Opening, Phoenix Opening 

Get SALT Encoding   

  12  0:00  Probe  
  13  0:12  Probe  
  14  0:20  Pylon  
  14  0:24  Probe  
  15  0:38  Probe (Chrono Boost)  
  15  0:41  Gateway  
  16  0:47  Probe (Chrono Boost), Assimilator  
  17  0:52  Probe (Chrono Boost)  
  18  1:04  Probe  
  19  1:16  Probe  
  20  1:28  Cybernetics Core  
  20  1:29  Probe  
  21  1:39  Nexus  
  21  1:45  Pylon  
  21  1:51  Assimilator  
  21  1:53  Probe  
  22  2:02  Adept (Chrono Boost)  
  22  2:06  Probe  
  25  2:18  Probe  
  25  2:22  Stargate  
  26  2:30  Probe  
  26  2:31  Stalker  
  29  2:41  Pylon  
  29  2:42  Probe  
  30  2:51  Probe  
  30  2:54  Probe  
  30  2:57  Shield Battery  
  32  3:03  Probe  
  32  3:05  Oracle (Chrono Boost)  
  33  3:06  Probe  
  36  3:16  Probe  
  36  3:19  Shield Battery, Probe  
  38  3:28  Probe  
  38  3:31  Probe  
  38  3:32  Stalker  
  42  3:39  Phoenix (Chrono Boost)  
  44  3:45  Probe  
  45  3:56  Probe  
  46  4:03  Probe  
Tags
 
Add a new tag
Caveats
  • Supply blocks, unpowered buildings, or Contaminate may cause inaccurate times.
  • Supply counts are checked every 10 seconds.